 Dungeon Crawl Stone Soup version 0.29.1-15-g9cfb28693d (webtiles) character file.

Game seed: 16196270684876971643

6 zeram the Sneak (level 1, 0/9 HPs)
             Began as a Spriggan Enchanter on Mar 16, 2023.
             Slain by a hobgoblin (3 damage)
             ... on level 1 of the Dungeon.
             The game lasted 00:00:32 (206 turns).

zeram the Sneak (Spriggan Enchanter)                 Turns: 206, Time: 00:00:32

Health: 0/9        AC:  2    Str:  4    XL:     1   Next: 75%
Magic:  5/5        EV: 17    Int: 16    God:
Gold:   0          SH:  0    Dex: 15    Spells: 5/5 levels left

rFire   . . .      SeeInvis +   a - +1 dagger
rCold   . . .      Faith    .   (no shield)
rNeg    . . .      Spirit   .   b - +0 robe
rPois   .          Reflect  .   (helmet restricted)
rElec   .          Harm     .   (no cloak)
rCorr   .          Rampage  .   (gloves unavailable)
Will    .....                   (boots unavailable)
Stlth   +++.......              (no amulet)
HPRegen 0.03/turn               (no ring)
MPRegen 0.09/turn               (no ring)

@: very quick
A: very small, no large weapons, unfitting armour, see invisible, speed 3
a: no special abilities


You were on level 1 of the Dungeon.
You visited 1 branch of the dungeon, and saw 1 of its levels.

Inventory:

Hand Weapons
 a - a +1 dagger (weapon)
Armour
 b - a +0 robe (worn)
Scrolls
 d - a scroll of vulnerability {unknown}
Potions
 c - 2 potions of invisibility


   Skills:
 + Level 1.1 Short Blades
 + Level 2.7 Dodging
 + Level 5.0 Stealth
 + Level 2.7 Spellcasting
 + Level 3.7 Hexes


You had 5 spell levels left.
You didn't know any spells.
Your spell library contained the following spells:

 Spells                   Type           Power      Damage    Failure   Level
 Confusing Touch          Hex            14%        N/A       13%         3
 Tukima's Dance           Hex            14%        N/A       13%         3
 Ensorcelled Hibernation  Hex/Ice        16%        N/A       14%         2
 Dazzling Flash           Conj/Hex       16%        N/A       26%         3


Dungeon Overview and Level Annotations

Branches:
Dungeon (1/15)

Altars:


Innate Abilities, Weirdness & Mutations

You are very small and have problems with some larger weapons.
You are too small for most types of armour.
You have supernaturally acute eyesight. (SInv)
You cover ground extremely quickly. (Speed+++)


Message History

A rat is nearby!
You are too injured to fight recklessly!
You are too injured to fight recklessly!
You hit the rat but do no damage. The rat bites you but does no damage.
You barely miss the rat. The rat bites you.
* * * LOW HITPOINT WARNING * * *
You hit the rat.
The rat is heavily wounded.
You barely miss the rat.
The rat is heavily wounded.
The rat closely misses you.
You hit the rat but do no damage.
The rat is heavily wounded.
The rat misses you.
You closely miss the rat.
The rat is heavily wounded.
The rat misses you.
You hit the rat.
You kill the rat!
Your Stealth skill increases to level 5!
You barely miss the ball python. The ball python barely misses you. x2
You hit the ball python.
You kill the ball python!
You hit the hobgoblin but do no damage. The hobgoblin closely misses you.
You hit the hobgoblin.
The hobgoblin is heavily wounded.
The hobgoblin misses you.
You hit the hobgoblin but do no damage.
The hobgoblin is heavily wounded.
The hobgoblin barely misses you.
You hit the hobgoblin.
The hobgoblin is almost dead.
The hobgoblin misses you.
You hit the hobgoblin but do no damage.
The hobgoblin is almost dead.
The hobgoblin closely misses you.
You hit the hobgoblin but do no damage.
The hobgoblin is almost dead.
The hobgoblin hits you.
You die...

########## #........#
######### #........#
........###........#
.........##........#
..........####.#.###
?........$# #@#...##
..
..........####g###..##
... ........g.g##.g#
##††## #.#
.........S....## ##†.#
#.# .........###..#
##.# #.# ....$...##
##.# #.## #.#
###[##### #..# #..#
#.## # ....###
##.#####...
.##....###.......##


You could see 2 hobgoblins.

Vanquished Creatures
  2 ball pythons (D:1)
  A giant cockroach (D:1)
  A hobgoblin (D:1)
  A frilled lizard (D:1)
  A rat (D:1)
6 creatures vanquished.

Notes
Turn   | Place    | Note
-------+----------+-------------------------------------------
     0 | D:1      | zeram the Spriggan Enchanter began the quest for the Orb.
     0 | D:1      | Reached XP level 1. HP: 9/9 MP: 5/5
   199 | D:1      | Reached skill level 5 in Stealth
   206 | D:1      | Slain by a hobgoblin

Illustrated notes

Levels and vault maps discovered:
D:1:      zelgadis_glass_arrival_large, layout_rooms

Skill      XL: |  1 |
---------------+----+-----
Stealth        | 5 |  5.0
Short Blades   | |  1.1
Dodging        | |  2.7
Spellcasting   | |  2.7
Hexes          | |  3.7

Action                   || total
-------------------------++-------
Melee: Dagger            ||    30
Armor: Robe              ||     4
Dodge: Dodged            ||    30
